[Event "Team 45 45 League T62"]
[Site "Internet Chess Club"]
[Date "2014.09.14"]
[Round "3"]
[White "Schachteufel"]
[Black "mattp108"]
[Result "0-1"]
[WhiteElo "1544"]
[BlackElo "1672"]
[Opening "Caro-Kann: advance variation"]
[ECO "B12"]
[Time "17:08:03"]
[TimeControl "2700+45"]

1. e4 c6 2. d4 d5 3. e5 Bf5 4. h4 h5 5. Nc3 e6 6. Nge2 c5 7. Ng3 cxd4 8. Qxd4
Bxc2 9. Bb5+ Nc6 10. Bg5 Be7 11. Bxe7 Nxe7 12. Rc1 O-O 13. Qf4 Bg6 14. Be2 Qc7
15. Nb5 Qa5+ 16. Kf1 Qxa2 17. Bxh5 Bxh5 18. Nxh5 Qa6 19. Nf6+ gxf6 20. exf6
Qxb5+ 21. Kg1 Nf5 22. Qg5+ Kh7 23. Qh5+ Nh6 24. g4 Qb4 25. f3 Qd4+ 26. Kg2 Qxb2+
27. Kh3 Rg8 28. g5 Rg6 29. Rcg1 Rag8 30. gxh6 Rxg1 31. Rxg1 Rxg1 32. Qxf7+ Kh8
33. Qf8+ Rg8 34. Qf7 Qg2# {White checkmated} 0-1

[Event "Team 45 45 League T62"]
[Site "Internet Chess Club"]
[Date "2014.09.13"]
[Round "3"]
[White "idjit"]
[Black "krysto"]
[Result "0-1"]
[WhiteElo "1556"]
[BlackElo "1579"]
[Opening "French: classical, Rubinstein variation"]
[ECO "C14"]
[Time "11:00:28"]
[TimeControl "2700+45"]

1. e4 e6 2. d4 d5 3. Nc3 Nf6 4. Bg5 Be7 5. e5 Nfd7 6. Bxe7 Qxe7 7. Qd2 a6 8. f4
c5 9. Nf3 Nc6 10. O-O-O b5 11. dxc5 Nxc5 12. Nd4 Bd7 13. Nxc6 Bxc6 14. Qd4 b4
15. Nb1 O-O 16. Nd2 a5 17. Nb3 Nxb3+ 18. axb3 Rfc8 19. Bd3 a4 20. bxa4 Bxa4 21.
Kb1 b3 22. c3 Bd7 23. Kc1 Ra4 24. Qb6 Rxf4 25. Qb7 Qd8 26. Rdf1 Ra4 27. Qxb3
Ra1+ 28. Bb1 Qg5+ {White resigns} 0-1

[Event "Team 45 45 League T62"]
[Site "Internet Chess Club"]
[Date "2014.09.13"]
[Round "3"]
[White "Berke"]
[Black "Megasus"]
[Result "1/2-1/2"]
[WhiteElo "1618"]
[BlackElo "1565"]
[Opening "Sicilian: Smith-Morra gambit"]
[ECO "B21"]
[Time "06:00:13"]
[TimeControl "2700+45"]

1. e4 c5 2. d4 cxd4 3. c3 Nf6 4. e5 Nd5 5. Qxd4 e6 6. Bc4 Nc6 7. Qe4 Nb6 8. Bb3
Qc7 9. Nf3 h6 10. Bf4 Na5 11. Bc2 Nd5 12. Bg3 Nc4 13. b3 Na3 14. c4 Nxb1 15.
Bxb1 Bb4+ 16. Nd2 Nc3 17. Qc2 a6 18. O-O b5 19. Kh1 Bb7 20. cxb5 axb5 21. a3
Bxa3 22. Ra2 Qa5 23. Rxa3 Qxa3 24. Qxc3 Rc8 25. Qd3 Rc1 26. h3 Rxf1+ 27. Qxf1
O-O 28. Qd3 Qc1+ 29. Kh2 g6 30. h4 Qc6 31. f3 Kh8 32. h5 Rg8 33. Ne4 g5 34. Nf6
Rg7 35. Ne8 Qc1 36. Nxg7 Kxg7 37. Qh7+ Kf8 38. Bf2 Qf4+ 39. Kh1 Qc1+ 40. Bg1 Ke7
41. b4 Bc6 42. Bg6 Qe1 43. Qxf7+ Kd8 44. Qf8+ Kc7 45. Qd6+ Kb7 46. Qc5 Qh4+ 47.
Bh2 Qe1+ 48. Bg1 Qh4+ 49. Bh2 Qe1+ {Game drawn by mutual agreement} 1/2-1/2

[Event "Team 45 45 League T62"]
[Site "Internet Chess Club"]
[Date "2014.09.13"]
[Round "3"]
[White "fireball"]
[Black "Signalman"]
[Result "1/2-1/2"]
[WhiteElo "1663"]
[BlackElo "1743"]
[Opening "French: advance, Wade variation"]
[ECO "C02"]
[Time "09:33:13"]
[TimeControl "2700+45"]

1. e4 e6 2. d4 d5 3. e5 c5 4. c3 Qb6 5. Nf3 Bd7 6. Bd3 cxd4 7. cxd4 Bb5 8. O-O
Bxd3 9. Qxd3 Qa6 10. Qc2 Nc6 11. a3 Nge7 12. Nc3 Nf5 13. Rd1 b5 14. Qd3 Rb8 15.
a4 Nb4 16. Qe2 bxa4 17. Qxa6 Nxa6 18. Rxa4 Rb6 19. Bd2 Be7 20. Rda1 Nb8 21. Rxa7
Rxb2 22. Rb1 Rxb1+ 23. Nxb1 Nc6 24. Ra8+ Bd8 25. Bc3 O-O 26. g4 Nh4 27. Nxh4
Bxh4 28. Rxf8+ Kxf8 29. f4 Bd8 30. Nd2 Ba5 31. Bxa5 Nxa5 32. Nf3 Ke7 33. h4 Nc4
34. Kf2 g6 35. Ng5 h6 36. Nh7 Na3 37. Ke3 Nc2+ 38. Kd3 Ne1+ 39. Ke3 Nc2+ 40. Kd3
Ne1+ {Game drawn by mutual agreement} 1/2-1/2

[Event "Team 45 45 League T62"]
[Site "Internet Chess Club"]
[Date "2014.09.12"]
[Round "3"]
[White "ticopatzer"]
[Black "nidusin2"]
[Result "1/2-1/2"]
[WhiteElo "1692"]
[BlackElo "1643"]
[Opening "Scotch game"]
[ECO "C45"]
[Time "20:00:39"]
[TimeControl "2700+45"]

1. e4 e5 2. Nf3 Nc6 3. d4 exd4 4. Nxd4 Nxd4 5. Qxd4 d6 6. Bc4 Be6 7. Bb5+ Bd7 8.
Nc3 Nf6 9. O-O Be7 10. e5 dxe5 11. Qxe5 O-O 12. Bg5 c6 13. Bc4 Re8 14. Rad1 Qc8
15. Rfe1 Bd8 16. Qd6 Rxe1+ 17. Rxe1 Bc7 18. Qe7 Qe8 19. Bxf6 gxf6 20. Re3 Be5
21. Qc5 Qf8 22. Ne4 b6 23. Qxf8+ Kxf8 24. c3 Be6 25. Bxe6 fxe6 26. Rd3 Ke7 27.
g3 f5 28. Ng5 h6 29. Nf3 Bf6 30. Nd4 Bxd4 31. Rxd4 e5 32. Rh4 Rh8 33. f3 {Game
drawn by mutual agreement} 1/2-1/2

[Event "Team 45 45 League T62"]
[Site "Internet Chess Club"]
[Date "2014.09.11"]
[Round "3"]
[White "Insan996"]
[Black "rayonline53"]
[Result "0-1"]
[WhiteElo "1527"]
[BlackElo "1524"]
[Opening "Old Benoni defense"]
[ECO "A43"]
[Time "15:13:36"]
[TimeControl "2700+45"]

1. d4 c5 2. c3 d5 3. Nf3 Bf5 4. dxc5 e6 5. b4 Nf6 6. e3 Be7 7. Be2 O-O 8. Nh4
Bxb1 9. Rxb1 Ne4 10. Nf3 Nxc3 11. Qd3 Nxb1 12. Qxb1 Bf6 13. O-O Nc6 14. Rd1 Qc7
15. Bd3 h6 16. e4 Rfd8 17. Re1 Bc3 18. Bd2 Bxd2 19. Nxd2 dxe4 20. Nxe4 Nxb4 21.
Qxb4 Rxd3 22. h3 Rd5 23. Rb1 Rad8 24. Qxb7 Rd1+ 25. Rxd1 Rxd1# {White
checkmated} 0-1

[Event "Team 45 45 League T62"]
[Site "Internet Chess Club"]
[Date "2014.09.14"]
[Round "3"]
[White "werty"]
[Black "Ajolote"]
[Result "1/2-1/2"]
[WhiteElo "1528"]
[BlackElo "1588"]
[Opening "King's Indian: London system"]
[ECO "A45"]
[Time "14:30:41"]
[TimeControl "2700+45"]

1. d4 Nf6 2. Bf4 g6 3. Nf3 Bg7 4. e3 d5 5. Be2 O-O 6. h3 Bd7 7. Nbd2 Nc6 8. c3
Bf5 9. O-O a6 10. Nb3 b6 11. Bd3 Be4 12. Bxe4 Nxe4 13. Nbd2 Nxd2 14. Qxd2 Qd7
15. Rfe1 e6 16. e4 dxe4 17. Rxe4 Rad8 18. Bh6 Rfe8 19. Bxg7 Kxg7 20. Ne5 Nxe5
21. Rxe5 Qd6 22. Qe2 Qe7 23. Qxa6 Qf6 24. Qe2 Ra8 25. a4 Ra7 26. b4 Rea8 27. a5
Qd8 28. Kf1 Qd6 29. Kg1 Qc6 30. Qe3 Qc4 31. Re4 bxa5 32. Rxa5 Rxa5 33. bxa5 Rxa5
34. Re5 Rxe5 35. Qxe5+ f6 36. Qe3 Qd5 37. f3 Qc6 38. Kf2 Qd5 39. Ke2 Qc4+ 40.
Qd3 Qa2+ 41. Qd2 Qxd2+ 42. Kxd2 Kf7 43. Ke3 Ke7 44. g4 g5 45. Ke4 Kd6 46. c4 Kc6
47. f4 Kd6 48. fxg5 fxg5 49. c5+ Ke7 50. Ke5 c6 51. Ke4 Kf6 52. Ke3 e5 53. Ke4
exd4 54. Kxd4 h6 55. Ke4 Ke6 56. Kd4 Kf6 57. Ke4 Ke6 58. Kd4 Kf6 {Game drawn by
repetition} 1/2-1/2

[Event "Team 45 45 League T62"]
[Site "Internet Chess Club"]
[Date "2014.09.13"]
[Round "3"]
[White "LN09102Q"]
[Black "Longonjo"]
[Result "0-1"]
[WhiteElo "1495"]
[BlackElo "1695"]
[Opening "Alekhine's defense"]
[ECO "B03"]
[Time "12:00:30"]
[TimeControl "2700+45"]

1. e4 Nf6 2. e5 Nd5 3. d4 d6 4. Qf3 dxe5 5. dxe5 Nc6 6. Bc4 e6 7. Qe4 Be7 8. Nf3
O-O 9. O-O Bd7 10. Bxd5 exd5 11. Qxd5 Nb4 12. Qe4 Bc6 13. Qe2 Bxf3 14. gxf3 Qc8
15. Nc3 Qf5 16. Ne4 Qxe5 17. c3 Nc6 18. f4 Qe6 19. Qc2 Rad8 20. Be3 Rd7 21. Bc5
Qg6+ 22. Kh1 Bxc5 23. Rg1 Qf5 24. Rg5 Qxf4 25. Rxc5 Rfd8 26. Rg1 Qf3+ 27. Rg2
Rd1+ 28. Qxd1 Rxd1# {White checkmated} 0-1

[Event "Team 45 45 League T62"]
[Site "Internet Chess Club"]
[Date "2014.09.14"]
[Round "3"]
[White "parrot9"]
[Black "chessnow"]
[Result "1/2-1/2"]
[WhiteElo "1663"]
[BlackElo "1694"]
[Opening "Ruy Lopez: 5.O-O"]
[ECO "C78"]
[Time "11:31:51"]
[TimeControl "2700+45"]

1. e4 e5 2. Nf3 Nc6 3. Bb5 a6 4. Ba4 Nf6 5. O-O b5 6. Bb3 Bc5 7. c3 d6 8. d4 Bb6
9. h3 h6 10. Re1 O-O 11. Bc2 Bd7 12. Be3 Qc8 13. Nbd2 Re8 14. d5 Ne7 15. Bxb6
cxb6 16. Nf1 Ng6 17. Ng3 Nf4 18. Ne2 N6h5 19. Ng3 Nxg3 20. fxg3 Qc5+ 21. Kh2 Ng6
22. Qd2 Rac8 23. Rac1 Qc7 24. Rf1 Rf8 25. Qe2 f5 26. exf5 Bxf5 27. Bxf5 Rxf5 28.
Nd2 Rcf8 29. Rxf5 Rxf5 30. Qg4 Ne7 31. Rf1 Rxf1 32. Nxf1 Nxd5 33. Qe6+ Qf7 34.
Qxd6 Qxf1 35. Qxd5+ Qf7 36. Qxe5 Kh7 37. Qe4+ g6 38. a3 h5 39. Qf4 Qb3 40. Qb4
Qxb4 41. axb4 g5 42. Kg1 Kg6 43. Kf2 Kf5 44. Ke3 Ke5 45. b3 a5 46. bxa5 bxa5 47.
Kd3 a4 48. bxa4 bxa4 49. Kc4 Ke4 50. Kb4 Kd3 51. Kxa4 Kxc3 52. Kb5 Kd4 53. Kc6
Ke3 54. Kd5 Kf2 55. Ke5 Kxg3 56. Kf5 g4 57. hxg4 hxg4 58. Kg5 Kxg2 59. Kxg4
{Game drawn because neither player has mating material} 1/2-1/2

[Event "Team 45 45 League T62"]
[Site "Internet Chess Club"]
[Date "2014.09.14"]
[Round "3"]
[White "almond123"]
[Black "Invicta-Knight"]
[Result "1-0"]
[WhiteElo "1455"]
[BlackElo "1497"]
[Opening "Scandinavian: Pytel-Wade variation"]
[ECO "B01"]
[Time "11:01:53"]
[TimeControl "2700+45"]

1. e4 d5 2. exd5 Qxd5 3. Nc3 Qd6 4. Nf3 e5 5. g3 Nf6 6. Bg2 Bg4 7. O-O Be7 8. d3
Nc6 9. Qe1 O-O-O 10. Be3 h5 11. Nh4 Nd4 12. Bxd4 exd4 13. Ne4 Nxe4 14. Qxe4 Rhe8
15. Qxb7+ Kd7 16. Qb5+ c6 17. Qb7+ Qc7 18. Bxc6+ Kd6 19. Qxc7+ Kxc7 20. Bxe8
Rxe8 21. Rfe1 Bxh4 22. Rxe8 Bf6 23. Re4 {Black resigns} 1-0

[Event "Team 45 45 League T62"]
[Site "Internet Chess Club"]
[Date "2014.09.14"]
[Round "3"]
[White "justice02"]
[Black "AngryDad"]
[Result "1-0"]
[WhiteElo "1824"]
[BlackElo "1655"]
[Opening "Caro-Kann: advance variation"]
[ECO "B12"]
[Time "16:00:21"]
[TimeControl "2700+45"]

1. e4 c6 2. d4 d5 3. e5 Bf5 4. Ne2 e6 5. h4 h6 6. Ng3 Bg6 7. Nd2 c5 8. Nf3 Nc6
9. a3 Qb6 10. c3 cxd4 11. cxd4 Nge7 12. Be2 Nf5 13. Nxf5 Bxf5 14. b4 Be7 15. Be3
Rc8 16. O-O O-O 17. Qd2 Qd8 18. g3 Nb8 19. Rac1 Nd7 20. Rxc8 Qxc8 21. Rc1 Qb8
22. Qc3 Nb6 23. Qc7 Qxc7 24. Rxc7 Nc8 25. Rxb7 Bd8 26. Nd2 Bc2 27. Bb5 Bb6 28.
a4 Bd8 29. a5 f6 30. Bd7 Ne7 31. Bxe6+ Kh7 32. Rxa7 Nc6 33. Rb7 fxe5 34. Bxd5
Nxd4 35. Bxd4 exd4 36. a6 Re8 37. a7 Re1+ 38. Kg2 Ra1 39. Rd7 Bf5 40. Rxd8 Rxa7
41. b5 {Black resigns} 1-0

[Event "Team 45 45 League T62"]
[Site "Internet Chess Club"]
[Date "2014.09.12"]
[Round "3"]
[White "Chess-Boy"]
[Black "Grenadier"]
[Result "0-1"]
[WhiteElo "1621"]
[BlackElo "1589"]
[Opening "Caro-Kann: advance variation"]
[ECO "B12"]
[Time "20:00:26"]
[TimeControl "2700+45"]

1. e4 c6 2. d4 d5 3. e5 Bf5 4. Bd3 Bxd3 5. Qxd3 e6 6. Nf3 Qa5+ 7. c3 Qa6 8. Qxa6
Nxa6 9. O-O Ne7 10. Nbd2 c5 11. g4 Nc6 12. a3 Be7 13. b4 cxb4 14. cxb4 Nc7 15.
Bb2 O-O 16. Rfc1 a5 17. bxa5 Rxa5 18. Nb3 Ra6 19. Nc5 Rb6 20. Rab1 Bxc5 21. Rxc5
Ra8 22. Nd2 Kf8 23. f4 Ra5 24. Rxa5 Nxa5 25. Bc3 Rxb1+ 26. Nxb1 Nc4 27. Nd2 Nxd2
28. Bxd2 Nb5 29. Bb4+ Ke8 30. Bc5 Kd7 31. Kf2 Nc3 32. h4 Ne4+ 33. Ke3 Nxc5 34.
dxc5 Kc6 35. Kd4 Kb5 36. h5 g6 37. hxg6 hxg6 38. f5 gxf5 39. gxf5 Ka4 40. fxe6
fxe6 41. c6 bxc6 42. Kc5 Kxa3 43. Kd6 d4 44. Kxe6 d3 45. Kd6 d2 46. Kxc6 d1=Q
47. e6 Qd8 48. Kc5 Qe7+ {White resigns} 0-1

[Event "Team 45 45 League T62"]
[Site "Internet Chess Club"]
[Date "2014.09.15"]
[Round "3"]
[White "zepled37"]
[Black "drsigmund1"]
[Result "1-0"]
[WhiteElo "1632"]
[BlackElo "1583"]
[Opening "French: advance, Paulsen attack"]
[ECO "C02"]
[Time "19:05:08"]
[TimeControl "2700+45"]

1. e4 e6 2. d4 d5 3. e5 c5 4. c3 Nc6 5. Nf3 Nge7 6. Bd3 Qb6 7. O-O Bd7 8. Bc2
Ng6 9. h4 O-O-O 10. a3 c4 11. Nbd2 Be7 12. g3 f5 13. b3 f4 14. bxc4 fxg3 15.
fxg3 Rdf8 16. c5 Qd8 17. h5 Qe8 18. hxg6 hxg6 19. Kg2 Rh5 20. Rh1 Rfh8 21. Rxh5
Rxh5 22. Nf1 g5 23. g4 Rh8 24. Ng3 Nd8 25. Bxg5 Qf8 26. Bxe7 Qxe7 27. Qd2 Nf7
28. Rh1 Rf8 29. Rh7 Nh6 30. Nh5 Qf7 31. Qe2 Nxg4 32. Ng3 Bb5 33. Bd3 Ba4 34. Rh4
Qf4 35. Rxg4 Qxg4 36. Ng1 Qg5 37. Nf3 Qg4 38. Nh2 Qh4 39. Nf3 Qg4 40. Ng1 Qg5
41. Nh3 Qh4 42. Qh5 Qd8 43. Qg5 Qc7 44. Nf4 Qf7 45. Nge2 Bd1 46. Qg6 Qe7 47.
Qxe6+ Qxe6 48. Nxe6 Re8 49. N6f4 g5 50. Nxd5 {Black resigns} 1-0

[Event "Team 45 45 League T62"]
[Site "Internet Chess Club"]
[Date "2014.09.11"]
[Round "3"]
[White "sdcohle"]
[Black "BrerRabbit"]
[Result "1/2-1/2"]
[WhiteElo "1377"]
[BlackElo "1473"]
[Opening "Old Indian: Tartakower (Wade) variation"]
[ECO "A41"]
[Time "18:02:49"]
[TimeControl "2700+45"]

1. d4 d6 2. Nf3 Bg4 3. e3 Nd7 4. Be2 e5 5. O-O Ngf6 6. dxe5 dxe5 7. Nbd2 Bd6 8.
e4 O-O 9. h3 Bh5 10. b3 Bg6 11. Bd3 Nc5 12. Re1 Nxd3 13. cxd3 Re8 14. Bb2 Nd7
15. Nc4 Bb4 16. Rf1 f6 17. a3 Bc5 18. b4 Bf8 19. Qc2 Qe7 20. Nh4 Bf7 21. Nf5 Qd8
22. Rfe1 Nb6 23. Rac1 Nxc4 24. dxc4 Qd7 25. Red1 Qc6 26. c5 Rad8 27. Qe2 a6 28.
f3 g6 29. Ne3 Bb3 30. Rd2 Bh6 31. Rxd8 Rxd8 32. Rc3 Ba4 33. Nd5 Kf7 34. Ne3
Bxe3+ 35. Qxe3 Rd1+ 36. Kh2 Kg7 37. Bc1 Qb5 38. Qh6+ Kg8 39. Qe3 Qf1 40. Kg3 Bb5
41. Bd2 Qe2 42. Rc2 Qxe3 43. Bxe3 Rd3 44. Bf2 Rxa3 45. Rd2 Rd3 46. Rb2 Kf8 47.
h4 Bc6 48. Kg4 h5+ 49. Kg3 Bxe4 50. Re2 Bc6 51. Rb2 Ke7 52. Kh2 Ke6 53. Be1 Rd1
54. Bd2 Bb5 55. Kg3 Ra1 56. Kf2 Ra3 57. Be3 Rd3 58. Bd2 Rd4 59. g3 Rd3 60. Be3
Bc6 61. Ke2 Rd5 62. Kf2 Rd3 {Game drawn by mutual agreement} 1/2-1/2

[Event "Team 45 45 League T62"]
[Site "Internet Chess Club"]
[Date "2014.09.15"]
[Round "3"]
[White "primerpaso"]
[Black "RubberDuck"]
[Result "1/2-1/2"]
[WhiteElo "1967"]
[BlackElo "1952"]
[Opening "English: Bremen, reverse dragon"]
[ECO "A22"]
[Time "16:00:37"]
[TimeControl "2700+45"]

1. c4 e5 2. Nc3 Nf6 3. g3 d5 4. cxd5 Nxd5 5. Bg2 c6 6. Nf3 Qc7 7. d4 Nxc3 8.
bxc3 Nd7 9. O-O Bd6 10. Qd3 O-O 11. e4 b6 12. dxe5 Nxe5 13. Nxe5 Bxe5 14. Be3
Bb7 15. f4 Bd6 16. e5 Be7 17. Rfd1 Rfd8 18. Qe2 Rxd1+ 19. Rxd1 Rd8 20. Be4 c5
21. Rxd8+ Bxd8 22. Qd3 Bxe4 23. Qxe4 g6 24. f5 gxf5 25. Qxf5 Qc6 26. Qg4+ Qg6
27. Qc8 Qb1+ 28. Kf2 Qc2+ 29. Kf3 {Game drawn by mutual agreement} 1/2-1/2

[Event "Team 45 45 League T62"]
[Site "Internet Chess Club"]
[Date "2014.09.13"]
[Round "3"]
[White "jonesey"]
[Black "Baseta"]
[Result "1/2-1/2"]
[WhiteElo "1853"]
[BlackElo "1834"]
[Opening "French: Winawer, advance variation"]
[ECO "C16"]
[Time "19:01:15"]
[TimeControl "2700+45"]

1. e4 e6 2. d4 d5 3. Nc3 Bb4 4. e5 b6 5. a3 Bf8 6. Nf3 Ba6 7. Bxa6 Nxa6 8. Qd3
Nb8 9. Bg5 Qd7 10. O-O h6 11. Be3 c5 12. Nd2 Nc6 13. Ne2 Nxd4 14. Bxd4 cxd4 15.
Nxd4 Ne7 16. Kh1 Nc6 17. Nxc6 Qxc6 18. Rac1 Be7 19. c4 Rd8 20. cxd5 Qxd5 21.
Qxd5 Rxd5 22. Rc8+ Rd8 {Game drawn by mutual agreement} 1/2-1/2

[Event "Team 45 45 League T62"]
[Site "Internet Chess Club"]
[Date "2014.09.12"]
[Round "3"]
[White "Innes"]
[Black "Portola"]
[Result "1/2-1/2"]
[WhiteElo "1612"]
[BlackElo "1830"]
[Opening "French: exchange variation"]
[ECO "C01"]
[Time "17:00:23"]
[TimeControl "2700+45"]

1. e4 e6 2. d4 d5 3. exd5 exd5 4. Bd3 Nf6 5. h3 Be7 6. Ne2 O-O 7. O-O Nbd7 8.
Ng3 Re8 9. Nf5 Nf8 10. Nxe7+ Qxe7 11. Bd2 Be6 12. Nc3 c6 13. Qf3 N6d7 14. Rfe1
Qf6 15. Qxf6 Nxf6 16. Bg5 N6d7 17. Re2 f6 18. Bd2 Bf7 19. Rae1 {Game drawn by
mutual agreement} 1/2-1/2

[Event "Team 45 45 League T62"]
[Site "Internet Chess Club"]
[Date "2014.09.14"]
[Round "3"]
[White "fhunfi"]
[Black "TerryMalloy"]
[Result "1/2-1/2"]
[WhiteElo "1869"]
[BlackElo "1863"]
[Opening "Sicilian: Canal-Sokolsky (Nimzovich-Rossolimo, Moscow) attack"]
[ECO "B51"]
[Time "18:04:53"]
[TimeControl "2700+45"]

1. e4 c5 2. Nf3 d6 3. Bb5+ Nd7 4. O-O Nf6 5. Qe2 e5 6. c3 Be7 7. d4 Qc7 8. Rd1
O-O 9. Bg5 a6 10. Bxd7 Bxd7 11. dxe5 dxe5 12. Nxe5 Qxe5 13. Bxf6 Qxf6 14. Rxd7
Bd6 15. Na3 b5 16. Rd1 Be5 17. Nc2 Rfe8 18. g3 Qe6 19. Qd3 Qxa2 20. f4 Bf6 21.
e5 Be7 22. Qe4 Rad8 23. Rxd8 Rxd8 24. Rxd8+ Bxd8 25. Qd3 Be7 26. Ne3 Qxb2 27. f5
Qc1+ 28. Kg2 Bg5 29. Qd7 h6 30. e6 fxe6 31. Qe8+ Kh7 32. Qg6+ Kh8 33. Qe8+ Kh7
34. Qg6+ Kh8 35. Qe8+ Kh7 {Game drawn by repetition} 1/2-1/2

[Event "Team 45 45 League T62"]
[Site "Internet Chess Club"]
[Date "2014.09.13"]
[Round "3"]
[White "Timotheous"]
[Black "az2112"]
[Result "1-0"]
[WhiteElo "1808"]
[BlackElo "1580"]
[Opening "English opening"]
[ECO "A05"]
[Time "12:01:03"]
[TimeControl "2700+45"]

1. Nf3 Nf6 2. c4 g6 3. b4 Bg7 4. Bb2 d6 5. g3 O-O 6. Bg2 e5 7. d3 c6 8. O-O Na6
9. a3 Nc7 10. Nbd2 Bg4 11. Rc1 Re8 12. h3 Bf5 13. e4 Be6 14. Re1 h6 15. Nb3 Nd7
16. d4 f6 17. d5 cxd5 18. cxd5 Bf7 19. Rc2 Rc8 20. Qd3 Nb6 21. Rec1 Qd7 22. Kh2
Nb5 23. Rxc8 Rxc8 24. Rxc8+ Nxc8 25. Ne1 Nb6 26. Na5 Nc8 27. Nc2 Ne7 28. Ne3 b6
29. Nc6 Nxc6 30. Qxb5 Nb8 31. Qxd7 Nxd7 32. Nc4 Bf8 33. Bc1 Kg7 34. g4 Nb8 35.
b5 Nd7 36. Be3 Nc5 37. Bxc5 dxc5 38. Bf3 Be8 39. a4 Bd7 40. Ne3 Bc8 41. Be2 Bb7
42. Kg3 Kf7 43. Bc4 Bd6 44. Bb3 Ke7 45. Bc4 Bc8 46. Bd3 Bb7 47. Nc4 Bb8 48. a5
Bc7 49. a6 Bc8 50. Ne3 Bd7 51. Bc4 Bd6 52. f3 Ke8 53. Bd3 Ke7 54. Kf2 Kf8 55.
Ke2 Ke8 56. Nc4 Ke7 57. Nxb6 {Black resigns} 1-0

[Event "Team 45 45 League T62"]
[Site "Internet Chess Club"]
[Date "2014.09.17"]
[Round "3"]
[White "drsigmund1"]
[Black "hewdondada"]
[Result "0-1"]
[WhiteElo "1589"]
[BlackElo "1754"]
[Opening "Queen's pawn, Mason variation"]
[ECO "D00"]
[Time "20:00:47"]
[TimeControl "2700+45"]

1. d4 d5 2. Bf4 Bf5 3. Nf3 h6 4. e3 Nf6 5. h3 e6 6. Be2 Nbd7 7. Nbd2 Be7 8. O-O
O-O 9. c3 c5 10. a4 Rc8 11. dxc5 Nxc5 12. Nd4 Bg6 13. N2f3 a6 14. Ne5 Bh7 15. c4
dxc4 16. Nxc4 Nfd7 17. Nd6 e5 18. Nxc8 exf4 19. Nxe7+ Qxe7 20. exf4 Rd8 21. Re1
Qf6 22. Bf3 Nf8 23. Qc1 Nd3 24. Qc7 Nxe1 25. Rxe1 Rxd4 26. Re8 Qd6 27. Qc8 b5
28. axb5 axb5 29. g3 Bd3 30. Kg2 Bc4 31. b4 Bd5 32. Rd8 Bxf3+ 33. Kxf3 {White
resigns} 0-1

[Event "Team 45 45 League T62"]
[Site "Internet Chess Club"]
[Date "2014.09.14"]
[Round "3"]
[White "Buford-Julep"]
[Black "JasonModer"]
[Result "0-1"]
[WhiteElo "1710"]
[BlackElo "1726"]
[Opening "English: three knights system"]
[ECO "A27"]
[Time "19:00:24"]
[TimeControl "2700+45"]

1. c4 e5 2. Nc3 Nc6 3. Nf3 Bc5 4. g3 d6 5. Bg2 Nge7 6. O-O O-O 7. d3 Bg4 8. a3
a6 9. b4 Ba7 10. Rb1 Nd4 11. Nxd4 Bxd4 12. Bd2 c6 13. a4 Qd7 14. Re1 d5 15. b5
axb5 16. axb5 Ra3 17. bxc6 bxc6 18. Qc1 Qa7 19. e3 Bc5 20. cxd5 Nxd5 21. Nxd5
cxd5 22. Bxd5 Rxd3 23. Be4 Rd7 24. Qc2 f5 25. Bg2 Rfd8 26. Bc3 e4 27. Qb3+ Kh8
28. Bf1 Bf3 29. Bh3 Rd5 30. Bf1 f4 31. Bc4 fxe3 32. fxe3 Bxe3+ 33. Kf1 Qd7 34.
Bxg7+ Kxg7 35. Qxe3 Qh3+ 36. Kf2 Qg2# {White checkmated} 0-1

[Event "Team 45 45 League T62"]
[Site "Internet Chess Club"]
[Date "2014.09.12"]
[Round "3"]
[White "Littlemon"]
[Black "sockbuf"]
[Result "0-1"]
[WhiteElo "1504"]
[BlackElo "1668"]
[Opening "Dutch with c4 & Nc3"]
[ECO "A85"]
[Time "09:19:22"]
[TimeControl "2700+45"]

1. d4 f5 2. c4 Nf6 3. Nc3 e6 4. Nf3 b6 5. Bf4 Bb4 6. Bd2 Bb7 7. e3 O-O 8. Be2 d6
9. a3 Bxc3 10. Bxc3 Ne4 11. Qc2 Nd7 12. Bb4 a5 13. Bc3 Ndf6 14. Bd3 Qe8 15.
O-O-O Nxc3 16. Qxc3 Nd7 17. h3 Kh8 18. Rhg1 Rd8 19. Nd2 e5 20. d5 c6 21. dxc6
Bxc6 22. e4 f4 23. f3 Nc5 24. Nb1 Rb8 25. Be2 Qe7 26. Qd2 Nb3+ 27. Kc2 Nxd2 28.
Rxd2 b5 29. Rgd1 Rfd8 30. Nc3 bxc4 31. Bxc4 g5 32. Bd5 Bxd5 33. Nxd5 Qb7 34. Kb1
Kg7 35. Kc1 Rdc8+ 36. Kb1 Kf7 37. Ka2 Qb3+ 38. Ka1 Rc2 39. Kb1 Qxb2# {White
checkmated} 0-1

[Event "Team 45 45 League T62"]
[Site "Internet Chess Club"]
[Date "2014.09.14"]
[Round "3"]
[White "Nxs123"]
[Black "bayoumicardio10"]
[Result "1/2-1/2"]
[WhiteElo "1609"]
[BlackElo "1625"]
[Opening "Pirc: classical (two knights) system"]
[ECO "B08"]
[Time "16:21:12"]
[TimeControl "2700+45"]

1. e4 d6 2. d4 Nf6 3. Nc3 g6 4. Nf3 Bg7 5. Bc4 Nc6 6. O-O e5 7. dxe5 dxe5 8.
Qxd8+ Nxd8 9. Nxe5 Nxe4 10. Nxe4 Bxe5 11. Bh6 Be6 12. Bxe6 Nxe6 13. c3 O-O-O 14.
Rad1 f5 15. Ng5 Nxg5 16. Bxg5 Rd7 17. Rxd7 Kxd7 18. Rd1+ Ke6 19. f4 Bd6 20. Kf2
h6 21. Re1+ Kf7 22. Bh4 Re8 23. Rxe8 Kxe8 24. Ke3 Bc5+ 25. Kd3 b5 26. Bf6 Bd6
27. g3 Kf7 28. Bd4 c5 29. Be3 a6 30. a3 Ke6 31. c4 h5 32. h4 Kd7 33. b3 Kc6 34.
Bd2 Kb6 35. b4 cxb4 36. Bxb4 Bxb4 37. axb4 bxc4+ 38. Kxc4 Kc6 39. Kd3 Kd5 40.
Kc3 Ke6 41. Kb3 Kd6 42. Ka4 Kc6 43. Ka5 Kb7 44. b5 axb5 45. Kxb5 Kc7 46. Kc5 Kd7
47. Kd5 Ke7 48. Ke5 Kf7 49. Kd6 Kf6 50. Kd7 Kf7 51. Kd6 Kf6 52. Kd5 Kf7 53. Kc5
Ke7 54. Kd5 Kd7 55. Ke5 Ke7 56. Kd5 Kd7 57. Ke5 {Game drawn by mutual agreement}
1/2-1/2

[Event "Team 45 45 League T62"]
[Site "Internet Chess Club"]
[Date "2014.09.16"]
[Round "3"]
[White "Packerfan"]
[Black "calsal"]
[Result "0-1"]
[WhiteElo "1684"]
[BlackElo "1751"]
[Opening "Giuoco Piano"]
[ECO "C54"]
[Time "14:05:21"]
[TimeControl "2700+45"]

1. e4 e5 2. Nf3 Nc6 3. Bc4 Bc5 4. c3 Nf6 5. d3 d6 6. O-O Bg4 7. Be3 Bb6 8. Nbd2
Qd7 9. h3 Bh5 10. Bxb6 axb6 11. a3 O-O-O 12. Qc2 Ne7 13. Rfe1 Ng6 14. g4 Nf4 15.
Kh2 Nxg4+ 16. Kg3 Ne3 {White resigns} 0-1

[Event "Team 45 45 League T62"]
[Site "Internet Chess Club"]
[Date "2014.09.11"]
[Round "3"]
[White "JeffH"]
[Black "tryanything"]
[Result "1/2-1/2"]
[WhiteElo "1792"]
[BlackElo "1622"]
[Opening "Ruy Lopez: open, St. Petersburg variation"]
[ECO "C82"]
[Time "19:00:36"]
[TimeControl "2700+45"]

1. e4 e5 2. Nf3 Nc6 3. Bb5 a6 4. Ba4 Nf6 5. O-O Nxe4 6. d4 b5 7. Bb3 d5 8. dxe5
Be6 9. c3 Bc5 10. Nbd2 Nxd2 11. Qxd2 O-O 12. Re1 Ne7 13. Nd4 Ng6 14. Qe2 Rc8 15.
Be3 Bb6 16. Bc2 c5 17. Nxe6 fxe6 18. Bxg6 hxg6 19. Qg4 Qe8 20. Rad1 Qf7 21. h4
d4 22. cxd4 cxd4 23. Bxd4 Bxd4 24. Qxd4 Rc4 25. Qe3 Rxh4 26. Re2 Qf5 27. Rd4
Rxd4 28. Qxd4 Qg5 29. Qd2 Qd8 30. Qc2 Rf5 31. Qb3 Kh7 32. Re3 Rh5 33. Qc2 Qh4
34. Rh3 Qg5 35. Qc3 Qf5 36. Rxh5+ {Game drawn by mutual agreement} 1/2-1/2